cohdb
Replays
Latest Replays
All Replays
Popular Replays
Top Player Replays
Match Explorer
How It Works
Community
CoH3 Stats
Reddit
Sign in to upload your games and track your stats! →
Sign in with Steam
Match 41904801
Unlisted
Match 41904801
Overview
Messages
Build Orders
End
Royal Engineer Section
Construct Section Command Post
Infantry Section
Infantry Section
Grenade Package
Construct Field Infirmary
Selects Canadian Shock Battlegroup
Selects Incendiary Munitions
Infantry Section
Construct Platoon Command Post
Selects Pyrotechnics
Infantry Section
Unlock Bishop Self-propelled Artillery
Bishop Self-propelled Artillery
Light Vehicle Training
Selects Attacking Spirit
Selects Canadian Shock Section
Canadian Shock Section
Canadian Shock Section
ChevyDad
Neo
Trion
dBoome
0
0
Comments
sign in to comment!
No comments posted yet!